[Event "*** Titled Tuesday 3|2 Blitz"]
[Site "Chess.com"]
[Date "2016.01.05"]
[Round "9"]
[White "Gabrielian_Artur"]
[Black "Iball95"]
[Result "1-0"]
[WhiteElo "2479"]
[BlackElo "2406"]
[TimeControl "180+2"]
[EndTime "18:54:43 PST"]
[Termination "Gabrielian_Artur won by resignation"]

1. e4 c5 2. Nf3 Nc6 3. Bb5 Nf6 4. Bxc6 dxc6 5. d3 Bg4 6. h3 Bh5 7. Nbd2 Nd7 8. b3 e5 9. Bb2 f6 10. Nc4 Qc7 11. a4 Be7 12. Ne3 O-O-O 13. a5 Kb8 14. O-O Rhg8 15. a6 b6 16. Nf5 Bf8 17. g4 Bf7 18. Ng3 Bd6 19. Ba3 Nf8 20. Rb1 Ne6 21.
b4 cxb4 22. Bxb4 Bxb4 23. Rxb4 c5 24. Rb2 Nf4 25. Kh2 h5 26. g5 Be6 27. Ng1 h4 28.
N3e2 fxg5 29. Nxf4 gxf4 30. Qh5 g5 31. Nf3 Bc8 32.
Rg1 Rg7 33. Rxg5 Rdg8 34. Rxg7 Rxg7 35. Qxe5 Qxe5 36. Nxe5 Bxa6 37. Nf3 Bc8 38. c3 Kc7 39. d4 Bb7 40. Re2 Re7 41. Ne5 a5 42. Kg2 Kd6 43. Kf3 Rxe5 44. dxe5+ Kxe5 45. Rb2 Bxe4+ 46. Kg4 a4 47. Rxb6 Bd5 48. Ra6 Bb3 49. Kxh4 Ke4 50.
Kg5 f3 51. h4 Kd3 52. h5 Kxc3 53.
h6 Bc2 54. Rxa4 c4 55. Ra3+ Kd2 56. Rxf3 Ke2 57. Rc3 Bd3 58. Rxc4 Kxf2 59. Rd4 Bb1 60. Rd7 Ke3 61. h7 1-0

[Event "*** Titled Tuesday 3|2 Blitz"]
[Site "Chess.com"]
[Date "2016.01.05"]
[Round "9"]
[White "GrigorGrigorov"]
[Black "chessdude"]
[Result "0-1"]
[WhiteElo "2502"]
[BlackElo "2371"]
[TimeControl "180+2"]
[EndTime "18:54:49 PST"]
[Termination "chessdude won by resignation"]

1. e4 c5 2. c3 Nf6 3. e5 Nd5 4.
d4 cxd4 5. Nf3 Nc6 6. cxd4 d6 7. Bc4 Nb6 8. Bb5 dxe5 9. Nxe5 Bd7 10. Nxd7 Qxd7 11.
Nc3 e6 12. O-O Be7 13. Qg4 O-O 14. Bxc6 bxc6 15. Bh6 Bf6 16. Rad1 Kh8 17. Ne4 Qe7 18. Bg5 Bxg5 19. Qxg5 Qxg5 20. Nxg5 Kg8 21. Rc1 Rac8 22.
Rc2 Rfd8 23. Nf3 f6 24. Rfc1 Rd6 25. Kf1 Kf7 26. Rc5 g5 27. h3 h5 28. Ra5 Rc7 29. g4 h4 30. Rc3 Nd5 31. Rca3 Rdd7 32. Kg2 Nf4+ 33. Kh2 Rb7 34. b3 Ke7 35. R3a4 Kd8 36.
Nd2 Rd5 37. Ne4 Rxa5 38. Rxa5 Ke7 39. Nc5 Rc7 40. Ra4 Kd6 41. Ne4+ Ke7 42. Nc5 f5 43.
gxf5 exf5 44. Ra5 Kd6 45. Na6 Rf7 46. Nb4 Ne2 47. Nc2 g4 48. a3 g3+ 49. fxg3 hxg3+ 50. Kg2 f4 51. Kf3 Ng1+ 52. Kg2 Ne2 53. Kf3 Rg7 54.
Ne1 Nxd4+ 55. Kxf4 g2 56. Nxg2 Rxg2 57. Rxa7 Nxb3 58. h4 Nd4 59. h5 Ne6+ 60. Kf3 Rg5 61. h6 Rh5 62. h7 Rxh7 63. Rxh7 Ng5+ 64. Ke3 Nxh7 65. Kd4 Nf6 66. a4 Nd7 67. a5 Kc7 0-1

[Event "*** Titled Tuesday 3|2 Blitz"]
[Site "Chess.com"]
[Date "2016.01.05"]
[Round "9"]
[White "TheMagician"]
[Black "cool64chess"]
[Result "0-1"]
[WhiteElo "2151"]
[BlackElo "2227"]
[TimeControl "180+2"]
[EndTime "18:55:00 PST"]
[Termination "cool64chess won by resignation"]

1. d4 d5 2. Nc3 e6 3. e4 Bb4 4. e5 c5 5. a3 Bxc3+ 6. bxc3 Qc7 7. Nf3 b6 8. a4 Ne7 9. Bb5+ Bd7 10. O-O O-O 11. Ba3 f6 12. Qe2 a6 13. Bxd7 Nxd7 14. exf6 Rxf6 15. a5 Ng6 16. axb6 Qxb6 17. Bxc5 Nxc5 18.
dxc5 Qxc5 19. Rxa6 Rxa6 20. Qxa6 Qxc3 21. Ng5 Qe5 22. h4 h6 23. Qc8+ Nf8 24. Nf3 Qh5 25. Rb1 Kh7 26. Qc3 Ng6 27. Qd3 Qf5 28. Rb6 Qxd3 29. cxd3 Nf4 30. Rb3 Rf8 31. Ne5 Ne2+ 32. Kf1 Nd4 33. Rb4 Nf5 34. Rf4 g5 35. hxg5 hxg5 36.
Rg4 Ne3+ 37. Ke2 Nxg4 38. Nxg4 Rf4 39. f3 Ra4 40. Nf6+ Kg6 41. Nd7 Ra2+ 42. Kf1 Kf5 43. Nc5 e5 44. g3 g4 45. fxg4+ Kxg4 46. Nd7 e4 47. dxe4 dxe4 48. Nc5 Kf3 49. Ke1 e3 50. Nb3 Rg2 51. Nd4+ Ke4 52. Ne2 Rh2 53. Kf1 Kd3 54.
Nf4+ Kd2 55. g4 e2+ 56. Nxe2 Rxe2 57. g5 Re5 58. Kf2 Rf5+ 59. Kg3 Rxg5+ 60. Kf4 Rg8 61. Ke4 Ke2 62. Kd4 Rg5 63. Ke4 Rg4+ 64. Kf5 Kf3 65.
Ke5 Rf4 66. Kd5 Re4 67. Kc5 Kf4 68. Kd5 Kf5 69. Kd6 Re5 70. Kd7 Re6 71. Kc7 Ke5 72. Kd7 Kd5 73. Kc7 Rd6 74. Kb7 Rc6 75. Ka7 Kc5 76.
Kb7 Kb5 77. Ka7 Rc7+ 78. Ka8 Kb6 79. Kb8 Rc6 0-1

[Event "*** Titled Tuesday 3|2 Blitz"]
[Site "Chess.com"]
[Date "2016.01.05"]
[Round "9"]
[White "Smirnov_Pavel"]
[Black "FairChess_on_YouTube"]
[Result "0-1"]
[WhiteElo "2376"]
[BlackElo "2749"]
[TimeControl "180+2"]
[EndTime "18:55:31 PST"]
[Termination "FairChess_on_YouTube won by checkmate"]

1. d4 g6 2. e4 Bg7 3. Nc3 d6 4. f4 a6 5. Nf3 b5 6. Bd3 Bb7 7. a4 b4 8. Ne2 Nd7 9. c3 a5 10. O-O c5 11. e5 Nh6 12. Ng3 O-O 13. Qe2 e6 14. Ne4 cxd4 15. cxd4 Nf5 16. g4 Nxd4 17.
Nxd4 dxe5 18. Nb5 f5 19. Ned6 Bd5 20. Bc4 Ra6 21. gxf5 Rxd6 22. Nxd6 Qb6+ 23. Be3 Qxd6 24. fxe6 Qxe6 25. Bxd5 Qxd5 26. Rad1 Qe6 27. Qg2 exf4 28. Bxf4 Nc5 29. Qd5 Qxd5 30. Rxd5 Nxa4 31. Rxa5 Nxb2 32. Bd6 Bd4+ 33. Kg2 Rxf1 34. Kxf1 b3 35. Rd5 Nc4 36. Rb5 b2 37. Bf4 Na3 38. Rb8+ Kf7 39. Rb7+ Ke6 40. Ke2 b1=Q 41. Rxb1 Nxb1 42. h3 Be5 43. Bc1 Nc3+ 44. Kf3 Kf5 45. Bd2 Ne4 46. Bc1 Ng5+ 47. Kg2 Bf4 48.
Bb2 Ke4 49. Bc3 Nf3 50. Bb4 Nh4+ 51. Kf2 Nf5 52. Kg2 Bg5 53. Kf2 Bh4+ 54. Kg2 Ne3+ 55. Kh2 Kf3 56. Bc3 Nf1+ 57. Kg1 Ng3 58. Kh2 Ne2 59.
Bb4 Bg3+ 60. Kh1 Nf4 61. Bd6 h5 62. Bc7 Bf2 63. Kh2 g5 64. Bd6 g4 65. hxg4 hxg4 66. Bxf4 Kxf4 67. Kg2 Bc5 68. Kf1 Kf3 69. Ke1 g3 70.
Kd2 g2 71. Kd3 g1=Q 72. Kc4 Qd4+ 73. Kb5 Ke4 74. Kc6 Qb4 75. Kc7 Kd5 76. Kd7 Qb7+ 77. Ke8 Ke6 78. Kd8 Qb8# 0-1